[Event "*** Titled Tuesday Blitz"]
[Site "Chess.com"]
[Date "2019.05.07"]
[Round "4"]
[White "Vice64"]
[Black "spicycaterpillar"]
[Result "0-1"]
[WhiteElo "2532"]
[BlackElo "2826"]
[TimeControl "180+2"]
[EndTime "13:56:56 PDT"]
[Termination "spicycaterpillar won by resignation"]

1. e4 e5 2. Nf3 Nc6 3. Bb5 a6 4. Ba4 Nf6 5. O-O b5 6. Bb3 Bb7 7. Re1 Be7 8. h3 O-O 9. d3 d6 10. a4 Na5 11. Ba2 b4 12. Nbd2 c5 13. Nc4 Nxc4 14.
Bxc4 a5 15. Bg5 Nd7 16. Be3 Kh8 17. c3 f5 18. cxb4 axb4 19. Qc2 f4 20. Bc1 g5 21. Nd2 Nf6 22. Qd1 Qe8 23. a5 h5 24. a6 Bc8 25.
Nb3 Ra7 26. Bd2 g4 27. h4 g3 28. fxg3 fxg3 29. Bg5 Ng4 30. Qc1 Rf2 31. Rf1 Qf8 32. Bxe7 Qxe7 33. Qg5 Qxg5 34. hxg5 Kg7 35. Na5 Bd7 36. Nb7 Kg6 37. Nxd6 Rxb2 38. Bb5 Ne3 39. Bxd7 Rxg2+ 40. Kh1 Rh2+ 41. Kg1 Rg2+ 42. Kh1 Rxd7 43. a7 Rh2+ 44. Kg1 Rg2+ 45. Kh1 Rh2+ 46. Kg1 Rxa7 47. Rxa7 Rh1+ 48. Kxh1 g2+ 49. Kh2 gxf1=Q 0-1

[Event "*** Titled Tuesday Blitz"]
[Site "Chess.com"]
[Date "2019.05.07"]
[Round "4"]
[White "maxip32"]
[Black "Blitzstream"]
[Result "0-1"]
[WhiteElo "2412"]
[BlackElo "2592"]
[TimeControl "180+2"]
[EndTime "13:56:57 PDT"]
[Termination "Blitzstream won by resignation"]

1. e4 d5 2. exd5 Qxd5 3. Nc3 Qa5 4. d4 Nf6 5. Nf3 Nc6 6. Bb5 Ne4 7. Bxc6+ bxc6 8. Bd2 Nxc3 9. Bxc3 Qd5 10. O-O Bg4 11. h3 Bxf3 12. Qxf3 Qxf3 13. gxf3 e6 14. Rfe1 c5 15.
dxc5 Bxc5 16. Re4 O-O-O 17. Kf1 Rhg8 18. a4 a6 19. Rc4 Rd5 20. Ke2 Rgd8 21. Rg1 g6 22.
Rgg4 f5 23. Rg1 Bd4 24. Bxd4 Rxd4 25. Rxd4 Rxd4 26. b3 Rh4 27. Rh1 Kd7 28. Kf1 Kd6 29.
Kg2 Rd4 30. c3 Rd3 31. Rc1 Ke5 32. Re1+ Kd5 33. c4+ Kd6 34. b4 Rd4 35. Rc1 Kc6 36. Kf1 Rd2 37. b5+ axb5 38. cxb5+ Kb7 39. Rc6 Rd6 40. Rxd6 cxd6 41. f4 e5 42. Ke2 exf4 43. Kd3 g5 44. a5 g4 45. hxg4 fxg4 46. Ke4 g3 47. fxg3 fxg3 48. Kf3 h5 49. Kxg3 d5 50.
Kf4 h4 51. Ke5 h3 52. Kxd5 h2 53. Kc5 h1=Q 54. a6+ Ka7 0-1

[Event "*** Titled Tuesday Blitz"]
[Site "Chess.com"]
[Date "2019.05.07"]
[Round "4"]
[White "hellokostya"]
[Black "JonahWillow"]
[Result "0-1"]
[WhiteElo "2537"]
[BlackElo "2723"]
[TimeControl "180+2"]
[EndTime "13:57:03 PDT"]
[Termination "JonahWillow won by resignation"]

1. d4 Nf6 2. c4 c5 3. d5 e6 4. Nc3 exd5 5. cxd5 d6 6. e4 g6 7. Nge2 Bg7 8. Ng3 O-O 9. Be2 Re8 10. O-O a6 11. a4 h5 12. Bg5 Nbd7 13. Qd2 Qc7 14. f3 Rb8 15. Rfc1 Nh7 16. Bh6 Bd4+ 17. Be3 Bg7 18.
b4 b6 19. Rab1 Ne5 20. a5 b5 21. bxc5 dxc5 22. d6 Qxa5 23. Bxc5 Be6 24. Bb4 Qb6+ 25. Kh1 h4 26. Nf1 h3 27. Qe3 hxg2+ 28. Kxg2 Qb7 29. Ng3 Bc4 30. Rd1 Bxe2 31. Qxe2 Nf6 32. Nd5 Nc4 33. Ne7+ Kh7 34. Kh1 Ne5 35. Bc3 Ng8 36. Nd5 Nc4 37.
Bxg7 Kxg7 38. Qd3 Ne5 39. Qd4 f6 40. Rb3 Nc6 41. Qb2 Ne5 42. f4 Nc4 43. Rg1 Nxb2 44. Nf5+ Kf7 45. Nh4 Nc4 46. Rxg6 Rxe4 47. Rbg3 Qxd5 48.
Rg7+ Kf8 49. Ng6+ Kxg7 50. Ne7+ Kf7 51. Nxd5 Nxd6 0-1

[Event "*** Titled Tuesday Blitz"]
[Site "Chess.com"]
[Date "2019.05.07"]
[Round "4"]
[White "TregubovP"]
[Black "Durarbayli"]
[Result "0-1"]
[WhiteElo "2538"]
[BlackElo "2753"]
[TimeControl "180+2"]
[EndTime "13:57:04 PDT"]
[Termination "Durarbayli won by resignation"]

1. d4 Nf6 2. c4 e6 3. Nc3 Bb4 4. e3 O-O 5. Bd3 d5 6. Ne2 b6 7. a3 Be7 8. e4 dxe4 9. Nxe4 Bb7 10. Nxf6+ Bxf6 11. O-O Nc6 12. Be3 Qd7 13. Qc2 g6 14. Rad1 Rad8 15. Be4 Qc8 16. b4 Qa8 17. d5 Ne7 18.
Bf3 exd5 19. c5 Nf5 20. Bf4 Nh4 21. Nd4 Nxf3+ 22. gxf3 bxc5 23. bxc5 c6 24. Rfe1 Qc8 25. Kg2 Rfe8 26. Re3 Qd7 27. Qa4 Rxe3 28. fxe3 a6 29.
Rb1 Re8 30. Kf2 g5 31. Bg3 h5 32. Rb6 Qe7 33. Rb3 h4 34. Bd6 Qd7 35. Qb4 Bc8 36. Qb6 Bxd4 37. exd4 Qe6 38. Be5 f6 39. Re3 fxe5 40.
Rxe5 Qg6 41. Qc7 Rxe5 42. dxe5 Qe8 43. Qd6 Be6 44. Ke3 Kf7 45. Kd4 Qc8 46. a4 Qb7 47.
a5 Qb4+ 48. Ke3 d4+ 49. Ke4 Qb1+ 50. Kxd4 Qd1+ 51. Ke3 Qxd6 52. exd6 Bd5 53. f4 g4 0-1

[Event "*** Titled Tuesday Blitz"]
[Site "Chess.com"]
[Date "2019.05.07"]
[Round "4"]
[White "harvsp123"]
[Black "GMKrikor"]
[Result "1-0"]
[WhiteElo "2481"]
[BlackElo "2750"]
[TimeControl "180+2"]
[EndTime "13:57:08 PDT"]
[Termination "harvsp123 won by resignation"]

1. d4 Nf6 2. c4 e6 3. Nf3 Bb4+ 4. Bd2 a5 5. g3 d6 6. Bg2 Nbd7 7. Nc3 e5 8. O-O exd4 9. Nxd4 O-O 10. Qc2 Re8 11.
Rad1 Bc5 12. Bf4 h6 13. b3 Ne5 14. Na4 Qe7 15. Nxc5 dxc5 16. Nb5 Rb8 17. Rfe1 b6 18.
Qb2 Bg4 19. h3 Bh5 20. Bxe5 Qxe5 21. Qxe5 Rxe5 22. g4 Bg6 23. Nxc7 Rc8 24. Nb5 Rce8 25. f4 Rxe2 26. Rxe2 Rxe2 27. f5 Bh7 28. Kf1 Re8 29. Rd6 Rb8 30. Na7 Kf8 31. Nc6 Re8 32. Na7 Rb8 33.
Kf2 h5 34. Kg3 hxg4 35. hxg4 Ne8 36. Rd7 g6 37. Bd5 Bg8 38. Nc6 Rc8 39. Ne7 Nf6 40. Rb7 Rd8 41. Nxg8 Kxg8 42. Bxf7+ Kh8 43. Bxg6 Ne4+ 44.
Kf4 Nc3 45. f6 Ne2+ 46. Ke5 Nd4 47. Rh7+ Kg8 48. f7+ Kf8 49. Rh8+ Ke7 50. Re8+ 1-0

[Event "*** Titled Tuesday Blitz"]
[Site "Chess.com"]
[Date "2019.05.07"]
[Round "4"]
[White "Sashadav97"]
[Black "TargetA"]
[Result "0-1"]
[WhiteElo "2538"]
[BlackElo "2446"]
[TimeControl "180+2"]
[EndTime "13:57:16 PDT"]
[Termination "TargetA won by checkmate"]

1. d4 Nf6 2. c4 g6 3. Nc3 Bg7 4.
e4 d6 5. Be2 O-O 6. Be3 e5 7.
d5 c6 8. g4 cxd5 9. cxd5 a6 10. a4 Nbd7 11. h4 Qa5 12. f3 h5 13. g5 Nh7 14. Nh3 Nc5 15. Nf2 f6 16. gxf6 Bxf6 17.
Nd3 Nxd3+ 18. Bxd3 Qd8 19. Bf2 Bd7 20. a5 Rc8 21.
Qd2 Bg7 22. Be2 Rf6 23. b4 Qf8 24. Rc1 Rxf3 25. Bxf3 Qxf3 26. Rg1 Bg4 27. Qe3 Qf8 28. Ne2 Rxc1+ 29. Qxc1 Bh6 30. Qc3 Nf6 31. Qd3 Qe8 32. Be3 Bxe3 33. Qxe3 Qb5 34. Rf1 Kg7 35. Nc3 Qxb4 36. Kf2 Qxc3 37. Qxc3 Nxe4+ 38. Ke3 Nxc3 39. Kd3 Nxd5 40. Ke4 Nf6+ 41. Ke3 Bd7 42. Rc1 Bc6 43. Rg1 d5 44. Rg5 d4+ 45. Ke2 Ng4 46. Kd2 Kf6 47. Kd3 Bd7 48. Ke4 Bf5+ 49. Kf3 d3 50.
Kg3 d2 51. Kg2 d1=Q 52. Kg3 Qd3+ 53. Kg2 Be4+ 54. Kg1 Qd1# 0-1

[Event "*** Titled Tuesday Blitz"]
[Site "Chess.com"]
[Date "2019.05.07"]
[Round "4"]
[White "Ind1anStar"]
[Black "EuropeanChampion"]
[Result "1-0"]
[WhiteElo "2483"]
[BlackElo "2329"]
[TimeControl "180+2"]
[EndTime "13:57:18 PDT"]
[Termination "Ind1anStar won on time"]

1. c4 Nf6 2. Nc3 e5 3. Nf3 Nc6 4. g3 g6 5. Bg2 Bg7 6. O-O O-O 7. d3 d6 8. a3 a5 9. Rb1 Nd7 10. b4 f5 11. Bd2 Re8 12. Qb3 Nd4 13. Qd1 c6 14. e3 Nxf3+ 15. Bxf3 axb4 16. axb4 Ra3 17. Qc1 Ra8 18. b5 Qc7 19. Qb2 Nc5 20. Qc2 e4 21. dxe4 fxe4 22. Bg2 Bf5 23. Ra1 Nd3 24. Rxa8 Rxa8 25.
Bxe4 Bxc3 26. Bxf5 Bxd2 27. Be6+ Kf8 28. Qxd2 Nc5 29.
Qd4 Qg7 30. Qxd6+ Qe7 31. Qf4+ Kg7 32. Bh3 cxb5 33. cxb5 Rd8 34. b6 Nd3 35. Qc4 Ne5 36. Qc7 Re8 37. Rd1 Kf8 38. Rd5 Nf3+ 39. Kg2 Qf6 40. Qf4 Qxf4 41. gxf4 Nh4+ 42. Kg3 Nf5+ 43. Bxf5 gxf5 44. Rxf5+ Kg7 45. Rc5 h5 46. Rc7+ Kf6 47. Rxb7 Kf5 48. Kf3 1-0

[Event "*** Titled Tuesday Blitz"]
[Site "Chess.com"]
[Date "2019.05.07"]
[Round "4"]
[White "bugsbunny444"]
[Black "LonesomeGeorge1"]
[Result "1-0"]
[WhiteElo "2561"]
[BlackElo "2366"]
[TimeControl "180+2"]
[EndTime "13:57:19 PDT"]
[Termination "bugsbunny444 won by resignation"]

1. Nf3 Nf6 2. c4 g6 3. b4 Bg7 4. Bb2 O-O 5. g3 d6 6. Bg2 c5 7. bxc5 dxc5 8. O-O Nc6 9. d3 Re8 10. Ne5 Nxe5 11. Bxe5 Bh6 12. Nd2 Ng4 13. Bc3 e5 14. Ne4 Qe7 15. h3 Nf6 16. Nxf6+ Qxf6 17. f4 Qe7 18.
fxe5 Bg7 19. Bd5 Be6 20. e4 Qc7 21. Rb1 Rab8 22. Kg2 b6 23. Qa4 Re7 24. Rf6 Bxd5 25. cxd5 Rxe5 26. Bxe5 Qxe5 27. Rf3 Qe7 28. Rbf1 Rf8 29.
Qc6 Be5 30. h4 h5 31. a4 Kg7 32. a5 bxa5 33. Qa6 Qc7 34. Rb1 Rb8 35. Rxb8 Qxb8 36.
Qxa5 Bd4 37. Qd2 f6 38. Kh3 Qc8+ 39. Kg2 Qa6 40. Rf1 Qb6 41. Qc2 Kh7 42. Rb1 Qa6 43.
Qc4 Qa3 44. d6 Qa5 45. Qf7+ Kh6 46. Qf8+ Kh7 47. Rb7+ 1-0

[Event "*** Titled Tuesday Blitz"]
[Site "Chess.com"]
[Date "2019.05.07"]
[Round "4"]
[White "Tash_Boy"]
[Black "hansen"]
[Result "0-1"]
[WhiteElo "2624"]
[BlackElo "2774"]
[TimeControl "180+2"]
[EndTime "13:57:20 PDT"]
[Termination "hansen won by resignation"]

1. e4 c5 2. Nf3 e6 3. c4 Nc6 4. Nc3 a6 5. Be2 Qc7 6. O-O Nf6 7. d4 cxd4 8. Nxd4 d6 9. Be3 Be7 10. Qd2 O-O 11. f3 Nxd4 12. Bxd4 Bd7 13. Rac1 Rfc8 14. Rfd1 Rab8 15. Qe1 Nh5 16. Qf2 b6 17. g3 Nf6 18.
b3 h6 19. Bf1 Be8 20. h3 Nd7 21. f4 Nc5 22. Bg2 Bc6 23. Qe2 a5 24. Nb5 Qb7 25.
Re1 Rd8 26. Rcd1 Rbc8 27. Ba1 Bf8 28. Nd4 Be8 29. e5 Qc7 30. exd6 Bxd6 31. Rd2 Be7 32. Red1 Bf6 33. Qe3 Rd6 34. Bc3 Rcd8 35. Ne2 Bc6 36. Bxf6 Rxd2 37. Rxd2 Rxd2 38. Qxd2 gxf6 39. Nc3 Bxg2 40.
Kxg2 Kg7 41. Qe2 Qc6+ 42. Kh2 Qd6 43. Kg2 Qd4 44. Nb5 Qa1 45. Nd6 Qd4 46. Nb5 Qd7 47. Nc3 f5 48. Qe3 Kg6 49. g4 Qc6+ 50. Qf3 Ne4 51. Kh2 Kh7 52. gxf5 exf5 53. Qg2 a4 54. Nd5 axb3 55. Nf6+ Qxf6 0-1

[Event "*** Titled Tuesday Blitz"]
[Site "Chess.com"]
[Date "2019.05.07"]
[Round "4"]
[White "kacprekt"]
[Black "Casablanca"]
[Result "1-0"]
[WhiteElo "2308"]
[BlackElo "2151"]
[TimeControl "180+2"]
[EndTime "13:57:21 PDT"]
[Termination "kacprekt won by resignation"]

1. d4 Nf6 2. c4 e6 3. Nc3 d5 4. cxd5 exd5 5. Bg5 Be7 6. e3 c6 7. Bd3 O-O 8. Qc2 Nbd7 9. h3 Re8 10. Nf3 Ne4 11.
Bxe4 Bxg5 12. Bxh7+ Kh8 13. Nxg5 Qxg5 14. Bd3 Qxg2 15. O-O-O Nf6 16. Rdg1 Qf3 17. h4 Ne4 18. Bxe4 dxe4 19. h5 Qf5 20. h6 g6 21. Rh4 Qa5 22. Kb1 Bf5 23. Na4 Qd5 24. Nc5 b6 25. Na6 Rac8 26.
Nb4 Qd6 27. Qc3 Kh7 28. d5 Qe5 29. Qxe5 Rxe5 30. Nxc6 Ree8 31. Rc1 Bd7 32. Rhh1 Bxc6 33. Rxc6 Rxc6 34. dxc6 Rc8 35. Rc1 Kxh6 36. a4 Kg5 37. b4 a6 38. b5 a5 39. Kb2 Kf6 40. Rc2 Rc7 41. Rd2 Ke7 42. Kc3 f5 43. Kd4 Ke6 44. Rd1 Rc8 45. Rh1 Rd8+ 46. Kc4 g5 47. Rh6+ Ke5 48.
c7 Rc8 49. Rc6 f4 50. Kc3 fxe3 51. fxe3 g4 52. Kd2 g3 53. Ke2 Kf5 54. Kf1 Kg4 55. Kg2 Rh8 56. c8=Q+ Rxc8 57. Rxc8 Kf5 58. Kxg3 Ke5 59. Rc6 Kd5 60. Rxb6 1-0

[Event "*** Titled Tuesday Blitz"]
[Site "Chess.com"]
[Date "2019.05.07"]
[Round "4"]
[White "SantoBlue"]
[Black "oskariot"]
[Result "0-1"]
[WhiteElo "2772"]
[BlackElo "2581"]
[TimeControl "180+2"]
[EndTime "13:57:24 PDT"]
[Termination "oskariot won by resignation"]

1. e4 e6 2. d4 d5 3. Nd2 c5 4. Ngf3 Nf6 5. exd5 exd5 6. Bb5+ Bd7 7. Bxd7+ Nbxd7 8.
O-O Be7 9. Re1 O-O 10. dxc5 Nxc5 11. Nb3 Nce4 12. Nfd4 Qd7 13. h3 Rfe8 14. c3 Bf8 15.
Bf4 Nd6 16. Nd2 Nc4 17. Qc2 Bc5 18. N4b3 Bb6 19. Rad1 Rxe1+ 20. Rxe1 Re8 21. Rxe8+ Qxe8 22. Kf1 Ne4 23. Nxe4 Qxe4 24. Qxe4 dxe4 25. Bc1 f5 26. Nd2 Ne5 27. Nb3 Nd3 28. f3 Kf7 29. fxe4 fxe4 30.
Ke2 Ke6 31. Kd1 Kd5 32. Nd2 Nf4 33. c4+ Ke5 34. g3 Nxh3 35. b4 Nf2+ 36. Ke2 Nd3 37. Ba3 Bd4 38. c5 Kd5 39. Nf1 h5 40. Kd2 g5 41. Ke2 a6 42. Nh2 Be5 43. Nf1 Bc3 44. Ne3+ Kd4 45. Nf5+ Ke5 46. Nd6 Bxb4 47. Bxb4 Nxb4 48.
Nxb7 Kd5 49. a3 Nc6 50. Ke3 h4 51. gxh4 gxh4 52. Kf4 h3 53. Kg3 e3 54. Nd6 e2 55.
Kf2 h2 0-1

[Event "*** Titled Tuesday Blitz"]
[Site "Chess.com"]
[Date "2019.05.07"]
[Round "4"]
[White "SirStrateg"]
[Black "OneTrickPony_82"]
[Result "1/2-1/2"]
[WhiteElo "2521"]
[BlackElo "2353"]
[TimeControl "180+2"]
[EndTime "13:57:29 PDT"]
[Termination "Game drawn - insufficient material"]

1. d4 Nf6 2. Nf3 d5 3. Bf4 c5 4. e3 Nc6 5. c3 Qb6 6. Qb3 c4 7. Qc2 Bf5 8. Qc1 h6 9. h3 e6 10. Nbd2 Be7 11. b3 cxb3 12. axb3 O-O 13. Be2 Rfc8 14.
Qb2 a5 15. O-O a4 16. Qa2 axb3 17. Qxb3 Qxb3 18. Nxb3 Ne4 19. Rfc1 Rxa1 20. Nxa1 Na5 21. Kf1 g5 22. Bh2 Bb4 23. g4 Bh7 24. c4 dxc4 25. Ne5 b5 26. Nc2 Nb3 27. Nxb4 Nxc1 28. Nd7 c3 29. Bxb5 Nb3 30. Ba4 c2 31. Nxc2 Rxc2 32. Bxb3 Rxf2+ 33. Kg1 Rb2 34. Ba4 Nd2 35. Nf6+ Kg7 36.
Nh5+ Kg6 37. Bd6 Nf3+ 38. Kf1 Bg8 39. Bc6 Nh4 40. Be5 f5 41. Ke1 Bf7 42. Kd1 Ra2 43. Kc1 Ra6 44. Bb7 Rb6 45. Ba8 Be8 46. d5 exd5 47.
Bxd5 Bc6 48. Be6 Be4 49. Bd7 Rb7 50. Be8+ Kh7 51. Nf6+ Kg7 52. Nxe4+ Kf8 53. Nd6 Rc7+ 54. Kd1 fxg4 55. hxg4 Re7 56. Bg3 Rxe8 57. Nxe8 Kxe8 58. Bxh4 gxh4 59. Ke2 Kf7 60. Kf3 Kg6 61. Kg2 h5 62. gxh5+ Kxh5 63. Kh3 Kg5 64. e4 Kf4 65. Kxh4 Kxe4 1/2-1/2

[Event "*** Titled Tuesday Blitz"]
[Site "Chess.com"]
[Date "2019.05.07"]
[Round "4"]
[White "WPWPWP-2015"]
[Black "pedroholly22"]
[Result "0-1"]
[WhiteElo "2374"]
[BlackElo "2293"]
[TimeControl "180+2"]
[EndTime "13:57:37 PDT"]
[Termination "pedroholly22 won by resignation"]

1. e4 c5 2. Nf3 d6 3. Bb5+ Nd7 4. a4 a6 5. Bc4 e6 6. O-O Ngf6 7. Nc3 Be7 8. d4 cxd4 9. Nxd4 O-O 10. f4 d5 11.
exd5 Nb6 12. Bd3 Nbxd5 13. Nce2 Bd7 14. c3 Rb8 15. Kh1 b5 16. axb5 axb5 17. Ng3 Qc7 18.
Qe2 Qc5 19. Bd2 b4 20. Nb3 Qc7 21. c4 Nb6 22. f5 e5 23. Ne4 Nxe4 24. Qxe4 f6 25. c5 Na4 26. c6 Qxc6 27. Bc4+ Kh8 28. Bd5 Qc8 29. Rf3 Nb6 30. Rc1 Qe8 31. Be6 Bxe6 32.
fxe6 Qg6 33. Qh4 Nd5 34. Rg3 f5 35. Qc4 Qxe6 36. Re1 e4 37. Nd4 Qd7 38. Qe2 g6 39.
Nb3 Bf6 40. Bh6 Bg7 41. Bg5 Rbe8 42. Rd1 Qe6 43. Nc5 Qc6 44. Nb3 f4 45. Rh3 f3 46.
Qd2 e3 47. Bxe3 Nxe3 48. gxf3 Rxf3 49. Rxf3 Qxf3+ 50. Kg1 Qxd1+ 51. Qxd1 Nxd1 52. Nd2 Nxb2 53. Kg2 Nd3 54. Kf3 Nc5 0-1

[Event "*** Titled Tuesday Blitz"]
[Site "Chess.com"]
[Date "2019.05.07"]
[Round "4"]
[White "Keaton87"]
[Black "IIIlllII1llIl"]
[Result "1/2-1/2"]
[WhiteElo "2547"]
[BlackElo "2725"]
[TimeControl "180+2"]
[EndTime "13:57:41 PDT"]
[Termination "Game drawn - insufficient material"]

1. d4 Nf6 2. Nf3 g6 3. Bg5 Bg7 4. Nbd2 O-O 5. e4 d5 6. exd5 Nxd5 7. Be2 h6 8. Bh4 Nf4 9. O-O c5 10. c3 cxd4 11. Nxd4 Bxd4 12. cxd4 Qxd4 13. Bg3 Nxe2+ 14. Qxe2 Nc6 15. Nf3 Qg4 16. h3 Qh5 17. b4 a6 18.
a4 Nxb4 19. Qxe7 Nc6 20. Qc7 Bxh3 21. Qxb7 Na5 22. Qe7 Rfe8 23. Qf6 Re6 24. Qc3 Bg4 25.
Nd4 Ree8 26. Rfe1 Rec8 27. Qa3 Nc4 28. Qe7 Qg5 29. Rac1 Qxe7 30. Rxe7 g5 31. f3 Bh5 32. Nf5 Kh7 33. Rd1 Bg6 34. Nd6 Rd8 35. Rd4 Nxd6 36. Rxd6 Rxd6 37. Bxd6 a5 38. Re5 Ra7 39. Be7 Bc2 40.
Bd8 Rd7 41. Bxa5 Bxa4 42. Bc3 Kg6 43. Ra5 Bb3 44. g4 h5 45. Ra6+ Be6 46. gxh5+ Kxh5 47. Kf2 Rd3 48. Be5 Rb3 49. Rc6 Rxf3+ 50. Kxf3 Bd5+ 51.
Kg3 Bxc6 52. Bc3 Kg6 53. Bd2 f6 54. Bc1 Bd7 55. Bd2 Kf5 56. Bc1 Kg6 57. Bd2 Be6 58. Bc1 Kf5 59. Bd2 Ke4 60. Bc1 Kd3 61. Bb2 f5 62. Bc1 f4+ 63. Bxf4 gxf4+ 64. Kxf4 1/2-1/2

[Event "*** Titled Tuesday Blitz"]
[Site "Chess.com"]
[Date "2019.05.07"]
[Round "4"]
[White "Heineccius"]
[Black "MFguimaraes"]
[Result "1-0"]
[WhiteElo "2501"]
[BlackElo "2305"]
[TimeControl "180+2"]
[EndTime "13:57:45 PDT"]
[Termination "Heineccius won by checkmate"]

1. d4 d5 2. c4 c6 3. Nf3 Nf6 4. Nc3 a6 5. c5 Nbd7 6. Bf4 Nh5 7. e3 Nxf4 8. exf4 g6 9. h4 h5 10. Bd3 Nf6 11. Ne5 Bf5 12. f3 Bh6 13. g3 e6 14.
Qb3 Qc7 15. Na4 Nd7 16. Nxd7 Kxd7 17. Nb6+ Ke7 18. Nxa8 Rxa8 19. Bxf5 gxf5 20. Kf2 Rb8 21. Qa3 Kf6 22. Qe3 Kg6 23. Qe5 Qc8 24. g4 fxg4 25. fxg4 hxg4 26. h5+ Kh7 27. Qf6 Qd7 28. Rad1 Rg8 29.
Kg3 Qc7 30. Qe5 Qd7 31. Rhf1 Bg7 32. Qe3 f5 33. Rfe1 Re8 34. Re2 Qf7 35. Rh1 Bf6 36. Rd2 Re7 37. b4 Kh6 38. a4 Qe8 39. Qd3 Rh7 40. Re2 Kg7 41. Qxf5 exf5 42. Rxe8 Bxd4 43. Re7+ Kg8 44. Rxh7 Kxh7 45. Re1 a5 46. Re7+ Kh6 47. bxa5 Bxc5 48. Rxb7 d4 49. Rc7 Kxh5 50. Rxc6 Bb4 51. Rc4 Be1+ 52. Kg2 d3 53. Rd4 Bxa5 54. Rxd3 Bc7 55.
Kg3 Ba5 56. Rd1 Kg6 57. Rd6+ Kh5 58. Rd5 Be1+ 59. Kg2 Kg6 60. a5 Bxa5 61. Rxa5 Kh5 62. Rxf5+ Kh4 63. Rg5 g3 64. Rxg3 Kh5 65. f5 Kh4 66. f6 Kh5 67. f7 Kh4 68. f8=Q Kh5 69. Qh8# 1-0

[Event "*** Titled Tuesday Blitz"]
[Site "Chess.com"]
[Date "2019.05.07"]
[Round "4"]
[White "Zq1"]
[Black "valeriocarnicelli"]
[Result "0-1"]
[WhiteElo "2509"]
[BlackElo "2533"]
[TimeControl "180+2"]
[EndTime "13:57:52 PDT"]
[Termination "valeriocarnicelli won by checkmate"]

1. d4 Nf6 2. c4 g6 3. Nc3 Bg7 4. e4 d6 5. Nf3 O-O 6. Be2 Na6 7. O-O e5 8. Re1 Nh5 9. Bf1 c6 10. Be3 Nf4 11. g3 Nh3+ 12. Kh1 Bg4 13. Bg2 exd4 14.
Bxd4 Nb4 15. Rc1 Bxd4 16. Qxd4 Bxf3 17. Bxf3 Nd3 18. Kg2 Nxe1+ 19. Rxe1 Ng5 20. Bg4 Ne6 21. Qd2 Qf6 22. Rd1 Rad8 23. h4 Rfe8 24. Qe3 Nc5 25. b4 Nd7 26. Na4 Ne5 27. Be2 b6 28. b5 cxb5 29. cxb5 Nd7 30. Nc3 Nc5 31. Nd5 Qg7 32. Bf3 Kh8 33. Qf4 Ne6 34. Qd2 Qe5 35. h5 Ng5 36.
Re1 Nxf3 37. Kxf3 Qxh5+ 38. Kg2 Qe5 39. f4 Qg7 40. Nc7 Re7 41. Nd5 Ree8 42. Nc7 Rf8 43. Rc1 Rc8 44. Rc6 Rfd8 45. Nd5 h6 46. Qc2 Rb8 47.
Rc7 Ra8 48. Qc6 h5 49. Re7 Rf8 50. Qxd6 Rad8 51. Qc7 Rc8 52. Qd6 Rc2+ 53. Kh3 Qb2 54.
Kh4 Rh2+ 55. Kg5 Qg7 56. Qf6 Kh7 57. e5 Qh6# 0-1

[Event "*** Titled Tuesday Blitz"]
[Site "Chess.com"]
[Date "2019.05.07"]
[Round "4"]
[White "Arystanner"]
[Black "Gergo85"]
[Result "1-0"]
[WhiteElo "2756"]
[BlackElo "2627"]
[TimeControl "180+2"]
[EndTime "13:57:54 PDT"]
[Termination "Arystanner won by resignation"]

1. e4 c6 2. c4 d5 3. cxd5 cxd5 4. exd5 Nf6 5. Nc3 g6 6. Nf3 Bg7 7. Bc4 O-O 8. O-O Nbd7 9. d3 a6 10. a4 b6 11. Re1 Bb7 12. Bg5 Rc8 13. Qe2 Re8 14.
Rad1 h6 15. Bh4 g5 16. Bg3 Nc5 17. Ne5 Nxd5 18. Nxf7 Kxf7 19. Qf3+ Kg8 20. Bxd5+ Bxd5 21. Nxd5 Kh8 22. Ne3 Rf8 23. Qe2 Nxa4 24. d4 b5 25.
Be5 Bxe5 26. dxe5 Qe8 27. h4 gxh4 28. Qg4 Nxb2 29. Rd4 Nc4 30. Qxh4 Qg6 31. Rg4 Qh7 32. Nxc4 bxc4 33. Rxc4 Rxc4 34. Qxc4 Qf7 35. Qd4 Qf4 36. Qa7 a5 37. e6 a4 38. f3 Qb4 39. Re4 Qd6 40. Qxa4 Rf6 41. Qe8+ Kh7 42. Qh5 Qd1+ 43. Kh2 Qd6+ 44. Kh3 Qd1 45. Kh2 Qd6+ 46. Qe5 Qxe5+ 47. Rxe5 Kg6 48. Kg3 Rf8 49. Kg4 Ra8 50. f4 Kf6 51. Rh5 Rg8+ 52. Kf3 Kxe6 53. Rxh6+ Kf7 54. g4 Ra8 55. g5 Ra1 56. Kg4 e6 57. Rf6+ Ke7 58. Kh5 Ra8 59. f5 exf5 60. Rxf5 Ra6 61. g6 Ra1 62. Kh6 Rh1+ 63. Kg7 Rg1 64. Kh7 Rh1+ 65. Kg8 Ke6 66. Rf2 Rg1 67. g7 Ke7 68. Re2+ Kf6 69.
Kf8 1-0

[Event "*** Titled Tuesday Blitz"]
[Site "Chess.com"]
[Date "2019.05.07"]
[Round "4"]
[White "VFernandezB"]
[Black "PlotnikovPavel"]
[Result "1/2-1/2"]
[WhiteElo "2329"]
[BlackElo "2354"]
[TimeControl "180+2"]
[EndTime "13:57:55 PDT"]
[Termination "Game drawn by stalemate"]

1. d4 e6 2. c4 f5 3. Nc3 Nf6 4. Bg5 Bb4 5. e3 O-O 6. Bd3 h6 7. Bxf6 Qxf6 8. Ne2 b6 9. O-O Bb7 10. f3 Nc6 11. a3 Bxc3 12. Nxc3 d6 13. b4 Rae8 14.
Kh1 f4 15. b5 Na5 16. e4 Qxd4 17. Rc1 Qe5 18. Qc2 Re7 19. Nb1 g5 20. Nd2 Bc8 21. Nb3 Nxb3 22. Qxb3 h5 23. Qc3 Qxc3 24. Rxc3 Kg7 25.
h3 Kf6 26. Kg1 a5 27. Kf2 Ke5 28. Re1 Rg7 29. Rcc1 Bd7 30. Rh1 Rfg8 31. Ke1 Be8 32. Kd2 g4 33. hxg4 hxg4 34. Kc3 gxf3 35. gxf3 Rg3 36. Be2 Rg2 37. Rc2 Rf2 38. Bd1 Rxc2+ 39. Kxc2 Kd4 40. Rh7 Kxc4 41. Rxc7+ Kd4 42. a4 Rg2+ 43.
Kc1 Bh5 44. Rc6 d5 45. Rxe6 Rg1 46. Kd2 Rg2+ 47. Kc1 Rg1 48. Kd2 Rxd1+ 49. Kxd1 Bxf3+ 50. Ke1 dxe4 51. Rxb6 e3 52. Rf6 Ke5 53. Rf7 Bd5 54. b6 f3 55. b7 f2+ 56. Ke2 Bxf7 57. b8=Q+ Kf6 58. Kxe3 f1=Q 59. Qf4+ Qxf4+ 60. Kxf4 Bb3 61. Ke3 Bxa4 62. Kd2 Bb3 63. Kc3 a4 64. Kb2 Ke5 65.
Ka1 Kd4 66. Kb2 Kc4 67. Ka1 Kc3 68. Kb1 Kb4 69. Ka1 Ka3 70. Kb1 Ba2+ 71. Ka1 Bb1 72. Kxb1 Kb3 73. Ka1 a3 74. Kb1 a2+ 75. Ka1 Ka3 1/2-1/2

[Event "*** Titled Tuesday Blitz"]
[Site "Chess.com"]
[Date "2019.05.07"]
[Round "4"]
[White "Jahonas"]
[Black "amatatanav"]
[Result "1-0"]
[WhiteElo "2367"]
[BlackElo "2465"]
[TimeControl "180+2"]
[EndTime "13:57:55 PDT"]
[Termination "Jahonas won by resignation"]

1. d4 Nf6 2. c4 e6 3. Nf3 d5 4. g3 Bb4+ 5. Bd2 Be7 6. Bg2 O-O 7. O-O Nbd7 8. Qc2 c6 9. cxd5 cxd5 10. Nc3 b6 11. Rfc1 Ba6 12. Bf1 Rc8 13. e3 Bxf1 14.
Kxf1 Ne4 15. Qd3 Ndf6 16. Be1 Qd7 17. Ne5 Qb7 18. Nxe4 Nxe4 19. a3 b5 20. f3 f6 21.
Ng4 Ng5 22. Kg2 Rc6 23. Rxc6 Qxc6 24. Bd2 Qc4 25. Qxc4 bxc4 26. h4 Rb8 27. Bc3 Nf7 28. e4 Nd6 29. exd5 exd5 30. Ne3 Nb5 31. Nxd5 Bf8 32. Nb4 Rd8 33. Rd1 Bxb4 34. axb4 Kf7 35. Kf2 Rd6 36. Ra1 a6 37. Ke3 Ke6 38. Rd1 Kd5 39.
Kf2 Re6 40. h5 f5 41. Rd2 Re7 42. Rd1 Re6 43. Rg1 Rf6 44. Ke3 Re6+ 45. Kf4 g6 46. hxg6 hxg6 47. Rh1 Rd6 48. Rd1 Re6 49. Kg5 Re3 50. Kf4 Rd3 51. Rh1 Nxd4 52. Bxd4 Rxd4+ 53. Kg5 Rd3 54. Rf1 Rb3 55. Kxg6 f4 56. g4 Rxb2 57. Kf5 c3 58. g5 c2 59. Rc1 Kc4 60. g6 Kc3 61. g7 Rb1 62. Rxc2+ Kxc2 63. g8=Q Rxb4 64. Qc8+ Kd3 65. Qxa6+ Ke3 66. Qa3+ 1-0

[Event "*** Titled Tuesday Blitz"]
[Site "Chess.com"]
[Date "2019.05.07"]
[Round "4"]
[White "IMRosen"]
[Black "TheGandhiOfChess"]
[Result "0-1"]
[WhiteElo "2380"]
[BlackElo "2334"]
[TimeControl "180+2"]
[EndTime "13:57:57 PDT"]
[Termination "TheGandhiOfChess won by resignation"]

1. e4 e5 2. Nf3 Nc6 3. Nc3 Nf6 4. a3 g6 5. Nxe5 Nxe5 6. d4 d6 7. dxe5 dxe5 8. Qxd8+ Kxd8 9. Bg5 Be7 10. O-O-O+ Nd7 11. Bxe7+ Kxe7 12. Nd5+ Kd8 13. Bc4 c6 14. Nf6 Ke7 15. Nxd7 Bxd7 16. f3 Be6 17. Bxe6 Kxe6 18.
Kd2 h5 19. h4 Rhd8+ 20. Kc3 Rxd1 21. Rxd1 Rg8 22. g4 hxg4 23. fxg4 Rh8 24. Rh1 f6 25. Rh2 Rh7 26. Kc4 Rd7 27. c3 Kf7 28. a4 Rd1 29. h5 Kg7 30. hxg6 Kxg6 31. Rh8 Kg5 32. Rg8+ Kh4 33. Rg7 b6 34. Rxa7 Kxg4 35. Rb7 Kf4 36. Rxb6 Kxe4 37. a5 f5 38. Kb3 Ra1 39. Rb4+ Kd3 40.
Ra4 Rh1 41. a6 Rh8 42. Kb4 f4 43. a7 Ra8 44. Kc5 f3 45. Kb6 f2 46. Ra1 e4 47.
Kb7 Rf8 48. Rd1+ Ke2 49. Rc1 e3 50. Kxc6 Kd2 51. Rf1 e2 52. Rxf2 Rxf2 53. a8=Q e1=Q 54. Qd8+ Kc2 55. Qd5 Rf6+ 56. Kb5 Qe2+ 57. c4 Rf3 58. b4 Qf1 59. Qe4+ Kb3 60. Kc5 Rf5+ 61. Kd6 Rf6+ 62. Kc5 Qf2+ 63. Qd4 Rc6+ 64. Kxc6 Qxd4 65. b5 Qxc4+ 66.
Kb6 Ka4 0-1